 Dungeon Crawl Stone Soup version 0.30-a0-331-g8ab09dc110 (webtiles) character file.

Game seed: 18144149298426075413

874 Muataran the Fighter (level 8, -2/74 HPs)
             Began as a Hill Orc Fighter on Oct 30, 2022.
             Slain by a black bear (4 damage)
             ... on level 5 of the Dungeon.
             The game lasted 00:09:26 (4927 turns).

Muataran the Fighter (Hill Orc Fighter)             Turns: 4927, Time: 00:09:27

Health: -2/74      AC:  7    Str: 21    XL:     8   Next: 4%
Magic:  8/8        EV:  9    Int:  8    God:
Gold:   244        SH:  4    Dex: 10    Spells: 7/7 levels left

rFire   . . .      SeeInvis .    a - +0 war axe
rCold   . . .      Faith    .    c - +0 buckler
rNeg    . . .      Spirit   .    b - +0 scale mail
rPois   .          Reflect  .    (no helmet)
rElec   .          Harm     .    (no cloak)
rCorr   .          Rampage  .    (no gloves)
Will    .....                    (no boots)
Stlth   ..........               (no amulet)
HPRegen 0.32/turn                (no ring)
MPRegen 0.11/turn                (no ring)

@: mighty, hasted, very quick
A: no striking features
a: no special abilities


You were on level 5 of the Dungeon.
You visited 1 branch of the dungeon, and saw 5 of its levels.

You collected 340 gold pieces.
You spent 96 gold pieces at shops.

Inventory:

Hand Weapons
 a - a +0 war axe (weapon)
Missiles
 y - 4 javelins (quivered)
Armour
 b - a +0 scale mail (worn)
 c - a +0 buckler (worn)
Jewellery
 q - a ring of ice
 B - a +6 ring of dexterity
 C - a ring of resist corrosion
Wands
 s - a wand of polymorph (7)
Scrolls
 f - a scroll of fear
 h - a scroll of blinking
 i - a scroll of noise {unknown}
 j - a scroll of identify
 k - a scroll of immolation {unknown}
 m - a scroll of poison {unknown}
 o - 2 scrolls of butterflies
 r - a scroll of amnesia {unknown}
 t - 2 scrolls of teleportation {unknown}
 v - a scroll of vulnerability {unknown}
Potions
 d - a potion of might
 e - a potion of resistance
 l - 2 potions of flight
 n - 2 potions of mutation
 p - a potion of berserk rage
 u - 4 potions of lignification
 w - a potion of invisibility
 x - a potion of degeneration
 z - a potion of attraction {unknown}
 A - a potion of curing {unknown}


   Skills:
 * Level 8.1 Fighting
 + Level 6.1 Axes
 + Level 5.7 Armour
 - Level 4.0 Shields


You had 7 spell levels left.
You didn't know any spells.
Your spell library contained the following spells:

 Spells                   Type           Power      Damage    Failure   Level
 Blink                    Tloc           0%         N/A       91%         2
 Momentum Strike          Conj/Tloc      0%         3d8       91%         2
 Wereblood                Tmut           0%         N/A       91%         2
 Lesser Beckoning         Tloc           0%         N/A       99%         3
 Ozocubu's Armour         Ice            0%         N/A       99%         3
 Summon Guardian Golem    Hex/Summ       0%         N/A       99%         3
 Alistair's Intoxication  Tmut/Pois      0%         N/A       100%        5
 Metabolic Englaciation   Hex/Ice        0%         N/A       100%        5
 Yara's Violent Unravell  Hex/Tmut       0%         3d3       100%        5
 Simulacrum               Ice/Necr       0%         N/A       100%        6
 Orb of Destruction       Conj           0%         9d5       100%        7
 Ozocubu's Refrigeration  Ice            0%         4d7       100%        7
 Spellforged Servitor     Conj/Summ      0%         N/A       100%        7


Dungeon Overview and Level Annotations

Branches:
Dungeon (5/15)
 Temple: D:4-7

Altars:
Ashenzari
Sif Muna
Yredelemnul
The Shining One

Shops:
D:4 :*(*


Message History

The black bear is severely wounded.
The black bear bites you! The black bear claws you.
The black bear barely misses you. The black bear bites you.
The black bear claws you. x2
Unknown command.
You closely miss the black bear.
The black bear is severely wounded.
You block the black bear's attack. The black bear barely misses you.
The black bear claws you. The black bear completely misses you.
The black bear closely misses you.
The black bear claws you but does no damage.
Unknown command.
Okay, then.
Unknown command.
You feel yourself speed up. The black bear bites you.
* * * LOW HITPOINT WARNING * * *
The black bear claws you but does no damage. x2
You feel very mighty all of a sudden. The black bear barely misses you.
You block the black bear's attack. The black bear claws you.
* * * LOW HITPOINT WARNING * * *
You barely miss the black bear.
The black bear is severely wounded.
The black bear bites you but does no damage.
The black bear claws you but does no damage. x2
You barely miss the black bear.
The black bear is severely wounded.
The black bear bites you!
* * * LOW HITPOINT WARNING * * *
The black bear closely misses you. The black bear barely misses you.
You barely miss the black bear.
The black bear is severely wounded.
You block the black bear's attack. The black bear barely misses you. x2
The black bear bites you!
* * * LOW HITPOINT WARNING * * *
You block the black bear's attack. The black bear barely misses you.
You slash the black bear!
The black bear is almost dead.
The black bear bites you.
You die...

... ...#...... ..#.#.. ....
..#....# ###.#..
....######.#....# #.#..
.........#.#....#######.#.#
.............#.#.......<..#
.........###.#.#.##########
.........###.#.#.######....
.......#.##....#........###
###.##..rh@..###........# #
#.#.##.## #........#
#.#.##.# #........###
#.#.##.# #...........
#h#.##.# #........###
#.#.##.# #........# #.##.#
#...)....# #.
#.####........#
#......########


You could see a black bear (berserk) and a quokka.

Vanquished Creatures
  A sky beast (D:4)
  An ogre (D:4)
  4 phantoms
  3 scorpions
  A hound (D:3)
  An iguana (D:4)
  6 adders
  An ufetubus (D:4)
  6 worms
  10 orcs
  11 endoplasms
  10 goblins
  6 hobgoblins
  8 jackals
  4 quokkas
  12 ball pythons
  3 bats
  3 frilled lizards
  3 kobolds
  4 rats
98 creatures vanquished.

Notes
Turn   | Place    | Note
-------+----------+-------------------------------------------
     0 | D:1      | Muataran the Hill Orc Fighter began the quest for the Orb.
     0 | D:1      | Reached XP level 1. HP: 19/19 MP: 1/1
   136 | D:1      | Reached XP level 2. HP: 26/27 MP: 2/2
   217 | D:1      | Reached skill level 4 in Fighting
   452 | D:1      | Reached XP level 3. HP: 33/33 MP: 3/3
  1169 | D:2      | Got Sudaekh's Volume of Changing
  1397 | D:2      | Found a shimmering blue altar of Sif Muna.
  1416 | D:2      | Reached XP level 4. HP: 32/41 MP: 4/4
  2445 | D:3      | Reached skill level 5 in Fighting
  2445 | D:3      | Reached XP level 5. HP: 37/48 MP: 5/5
  2490 | D:3      | Found a glowing golden altar of the Shining One.
  2492 | D:3      | Noticed an angel
  2522 | D:3      | Found a broken altar of Ashenzari.
  2625 | D:3      | Found a basalt altar of Yredelemnul.
  2961 | D:3      | Noticed a profane servitor
  3255 | D:4      | Reached XP level 6. HP: 51/57 MP: 6/6
  3280 | D:4      | Found Jawun's Book Shop.
  3287 | D:4      | Noticed a sky beast
  3314 | D:4      | Killed a sky beast
  3315 | D:4      | Reached skill level 6 in Fighting
  3635 | D:4      | Found Morimmuth's Specific Store.
  3646 | D:4      | Found Enip's General Store.
  3649 | D:4      | Bought a potion of invisibility for 96 gold pieces
  3720 | D:3      | Reached skill level 5 in Axes
  3975 | D:4      | Reached XP level 7. HP: 57/64 MP: 7/7
  3982 | D:4      | Reached skill level 7 in Fighting
  3982 | D:4      | Reached skill level 5 in Armour
  4060 | D:4      | HP: 3/66 [poisoned by a scorpion]
  4458 | D:4      | Found Apuckof's Firing Range.
  4586 | D:5      | Entered Level 5 of the Dungeon
  4824 | D:5      | Reached skill level 8 in Fighting
  4824 | D:5      | Reached XP level 8. HP: 60/74 MP: 8/8
  4926 | D:5      | HP: 2/74 [black bear (9)]
  4927 | D:5      | Slain by a black bear

Illustrated notes

Levels and vault maps discovered:
D:1:      psy_arrival_spokes, layout_basic, serial_co_window_serial,
          co_window_corner_a, co_window_corner_a, co_window_corner_a,
          co_window_paths_a, co_window_corner_a, co_window_broadway_c,
          co_window_corner_b, co_window_paths_c, co_window_corner_b,
          co_window_paths_d, glass_columns_b, glass_columns_c, glass_columns_a,
          glass_columns_b, glass_columns_c
D:2:      layout_loops_ring, basic_altar, kennysheep_boxes
D:3:      layout_basic, grunt_temple_overflow_holy_war,
          nicolae_overflow_crystal_walls
D:4:      layout_basic, serial_shops, shop_coins, nicolae_specific_store,
          grunt_decor_arrowhead, nicolae_shop_firing_range
D:5:      layout_basic, kennysheep_mini, serial_shops, nicolae_shop_trees

Skill      XL: |  1  2  3  4  5  6  7 |
---------------+----------------------+-----
Axes           | 3 4 5 6 |  6.1
Fighting       | 4 5 6 8 |  8.1
Armour         | 4 5 |  5.7
Shields        | 4 |  4.0

Action                   |  1- 3 |  4- 6 |  7- 9 || total
-------------------------+-------+-------+-------++-------
Melee: War axe           |   102 |   185 |    83 ||   370
  Use: Scroll            |     1 |     6 |     3 ||    10
       Potion            |       |     1 |     2 ||     3
Armor: Scale mail        |    52 |    81 |    31 ||   164
Dodge: Dodged            |    57 |    58 |    49 ||   164
Block: Buckler           |    25 |    40 |    18 ||    83

Table legend: (Time is in decaauts)
 A = Elapsed time spent in this place.
 B = Non-inter-level travel time spent in this place.
 C = Inter-level travel time spent in this place.
 D = Time resting spent in this place.
 E = Time spent auto-exploring this place.
 F = Levels seen in this place.
 G = Mean time per level.
                   A        B        C        D        E       F      G
               +--------+--------+--------+--------+--------+-----+--------+
         Total |   5049 |   4899 |    150 |    791 |   3204 |   5 | 1009.8 |
       Dungeon |   5049 |   4899 |    150 |    791 |   3204 |   5 | 1009.8 |
               +--------+--------+--------+--------+--------+-----+--------+

Top non-repeatable levels by time:
     D:4: 1474 daAuts
     D:3: 1216 daAuts
     D:1: 1041 daAuts
     D:2: 963 daAuts
     D:5: 353 daAuts
